[Event "Early-Titled-Tuesday-Blitz-June-18-2024"]
[Site "Chess.com"]
[Date "2024.06.18"]
[Round "4"]
[White "KanalSzachowy"]
[Black "Slovineanu"]
[Result "0-1"]
[WhiteElo "2363"]
[BlackElo "2546"]
[TimeControl "180+1"]
[EndTime "8:38:47 PDT"]
[Termination "Slovineanu won by resignation"]

1. e4 c6 2. d4 d5 3. f3 dxe4 4. fxe4 e5 5. Nf3 Be6 6. c3 Nd7 7. Bd3 Bd6 8. O-O Ngf6 9. Bg5 h6 10. Bh4 Qc7 11. Nbd2 O-O 12. Bc2 b5 13. Qe1 Rfe8 14. Nxe5 Bxe5 15. dxe5 Qxe5 16. Nf3 Qh5 17. e5 Ng4 18. Qe4 g6 19. Qxc6 Ndxe5 20. Nxe5 Nxe5 21. Qxb5 Bc4 22. Qa5 Bxf1 23. Rxf1 Qxh4 24. Qxe5 0-1

[Event "Early-Titled-Tuesday-Blitz-June-18-2024"]
[Site "Chess.com"]
[Date "2024.06.18"]
[Round "4"]
[White "mfschulz"]
[Black "AwareIdea"]
[Result "1-0"]
[WhiteElo "2242"]
[BlackElo "2500"]
[TimeControl "180+1"]
[EndTime "8:38:48 PDT"]
[Termination "mfschulz won by resignation"]

1. d4 Nf6 2. Bg5 c5 3. d5 e5 4. c4 d6 5. Nc3 a6 6. a4 a5 7. g3 Na6 8. Bg2 Nb4 9. e4 h6 10. Bxf6 Qxf6 11. Nge2 Bd7 12. O-O g6 13. f4 Bg7 14. f5 O-O 15. g4 Qg5 16. Kh1 Bf6 17.
Ng3 Kg7 18. Nb5 Bxb5 19. axb5 Qe3 20. Rf3 Qd4 21. Qe2 a4 22. Rd1 Rae8 23. Rxd4 exd4 24.
Ra3 Re7 25. Rxa4 d3 26. Qf3 d2 27. Ra1 Bxb2 28. Rd1 Bc1 29. f6+ 1-0

[Event "Early-Titled-Tuesday-Blitz-June-18-2024"]
[Site "Chess.com"]
[Date "2024.06.18"]
[Round "4"]
[White "MaxLeto"]
[Black "Renatoforf"]
[Result "1-0"]
[WhiteElo "2463"]
[BlackElo "2126"]
[TimeControl "180+1"]
[EndTime "8:38:49 PDT"]
[Termination "MaxLeto won by resignation"]

1. g4 d5 2. Bg2 c6 3. h3 e5 4.
d4 Nd7 5. c4 dxc4 6. Nc3 exd4 7. Qxd4 Ngf6 8. g5 Bc5 9. Qxc4 Ng8 10. Bf4 Ne7 11. O-O-O O-O 12. Rxd7 Qxd7 13. Qxc5 Ng6 14. Bg3 Qf5 15. Qxf5 Bxf5 16. e4 Be6 17. f4 Ne7 18. f5 Bc4 19. Nf3 Rfd8 20. Ne5 Ba6 21. h4 b6 22. h5 Bb7 23. h6 g6 24. Rf1 c5 25. Bh3 gxf5 26. exf5 Nc6 27. Ne4 Nxe5 28. Nf6+ Kh8 29. Bxe5 1-0

[Event "Early-Titled-Tuesday-Blitz-June-18-2024"]
[Site "Chess.com"]
[Date "2024.06.18"]
[Round "4"]
[White "DarkAlekhine"]
[Black "Gnechko_Ruslan"]
[Result "1-0"]
[WhiteElo "2742"]
[BlackElo "2544"]
[TimeControl "180+1"]
[EndTime "8:38:51 PDT"]
[Termination "DarkAlekhine won by checkmate"]

1. e4 d6 2. d4 g6 3. Nf3 Bg7 4.
c3 Nf6 5. Bd3 O-O 6. O-O c5 7.
h3 Nc6 8. Re1 e5 9. d5 Ne7 10.
Nbd2 h6 11. b4 b6 12. Bf1 Nh5 13. g3 f5 14. exf5 gxf5 15. Nh4 Qe8 16. Nc4 Rf6 17. Be2 Nxg3 18. fxg3 f4 19. Bh5 Qb5 20.
Nd2 fxg3 21. Ne4 Rf8 22. Nxd6 Qd7 23. Nxc8 Nxc8 24. Bg4 Qd8 25. Be6+ Kh8 26. Ng6+ Kh7 27. Nxf8+ Qxf8 28. Qd3+ Kh8 29. Qxg3 cxb4 30. Rf1 Qc5+ 31. Be3 Qxc3 32. Rf8+ Bxf8 33. Qg8# 1-0

[Event "Early-Titled-Tuesday-Blitz-June-18-2024"]
[Site "Chess.com"]
[Date "2024.06.18"]
[Round "4"]
[White "PattyCastillo"]
[Black "giovannibrandao7"]
[Result "0-1"]
[WhiteElo "1897"]
[BlackElo "2295"]
[TimeControl "180+1"]
[EndTime "8:38:51 PDT"]
[Termination "giovannibrandao7 won by resignation"]

1. d4 Nf6 2. Nf3 g6 3. Nc3 Bg7 4. e4 d6 5. Be3 Nbd7 6. Qd2 c6 7.
O-O-O O-O 8. h4 h5 9. e5 Ng4 10. Bf4 dxe5 11. dxe5 Qa5 12. Bc4 Ndxe5 13. Nxe5 Nxe5 14.
Bb3 Bf5 15. Bh6 Rad8 16. Qe3 Ng4 0-1

[Event "Early-Titled-Tuesday-Blitz-June-18-2024"]
[Site "Chess.com"]
[Date "2024.06.18"]
[Round "4"]
[White "SALVA-DALI"]
[Black "pospisku"]
[Result "1-0"]
[WhiteElo "2766"]
[BlackElo "2531"]
[TimeControl "180+1"]
[EndTime "8:38:52 PDT"]
[Termination "SALVA-DALI won by resignation"]

1. e4 g6 2. g3 Bg7 3. Bg2 c6 4. c4 c5 5. Nc3 Nc6 6. d3 Nf6 7.
h3 O-O 8. Nge2 d6 9. O-O Ne8 10.
Be3 Nc7 11. d4 cxd4 12. Nxd4 Bd7 13. Rc1 Rc8 14. b3 Ne6 15. Nde2 Qa5 16. Nd5 Qxa2 17. b4 Rfe8 18. f4 Nc7 19. Nec3 Qa3 20. Nxc7 Rxc7 21. Nd5 e6 22. Nxc7 Qxe3+ 23. Kh2 Rc8 24. Qxd6 Qd4 25.
Nb5 Bf8 26. Qxd4 Nxd4 27. Nxd4 1-0

[Event "Early-Titled-Tuesday-Blitz-June-18-2024"]
[Site "Chess.com"]
[Date "2024.06.18"]
[Round "4"]
[White "Hirna2005"]
[Black "DenishevM"]
[Result "0-1"]
[WhiteElo "2304"]
[BlackElo "2652"]
[TimeControl "180+1"]
[EndTime "8:38:53 PDT"]
[Termination "DenishevM won by resignation"]

1. e4 c5 2. Nf3 Nf6 3. e5 Nd5 4.
c3 e6 5. d4 cxd4 6. cxd4 d6 7.
Bd3 Nc6 8. Nc3 Nxc3 9. bxc3 dxe5 10. dxe5 Qa5 11. O-O Be7 12. Qe1 b6 13. Bd2 Ba6 14. Qe4 Rc8 15. c4 Qa4 16. Rfc1 Bb7 17. Qe2 Nb4 18.
Be4 Bxe4 19. Qxe4 Qc6 20. Qg4 g6 21. Nd4 Qb7 22. Nb5 Nd3 23. Bg5 O-O 24. Bf6 Nxc1 25. Qf4 Ne2+ 0-1

[Event "Early-Titled-Tuesday-Blitz-June-18-2024"]
[Site "Chess.com"]
[Date "2024.06.18"]
[Round "4"]
[White "MalyDominator"]
[Black "Onischuk_V"]
[Result "0-1"]
[WhiteElo "2583"]
[BlackElo "2823"]
[TimeControl "180+1"]
[EndTime "8:38:57 PDT"]
[Termination "Onischuk_V won by resignation"]

1. e4 d6 2. d4 Nf6 3. Nc3 g6 4. Be3 c6 5. a4 Nbd7 6. Be2 e5 7. h3 Bg7 8. Nf3 O-O 9. O-O h6 10. Qd2 Kh7 11. Rad1 Qe7 12. dxe5 dxe5 13. Qd6 Qxd6 14. Rxd6 Re8 15. Rfd1 Bf8 16. R6d3 Kg7 17. Nd2 Nc5 18. Bxc5 Bxc5 19. Nb3 Bb4 20. Na2 Be7 21. Re3 Be6 22.
a5 Red8 23. Rxd8 Rxd8 24. Kf1 b6 25. Ke1 bxa5 26. Nc3 Bb4 27. Nd2 a4 28. Bc4 Bc8 29. Rd3 Rxd3 30. cxd3 a3 0-1

[Event "Early-Titled-Tuesday-Blitz-June-18-2024"]
[Site "Chess.com"]
[Date "2024.06.18"]
[Round "4"]
[White "rasmussvane"]
[Black "becemix"]
[Result "1-0"]
[WhiteElo "2968"]
[BlackElo "2623"]
[TimeControl "180+1"]
[EndTime "8:39:00 PDT"]
[Termination "rasmussvane won by resignation"]

1. Nf3 d5 2. g3 Bg4 3. Bg2 Nd7 4. O-O Ngf6 5. h3 Bh5 6. d4 c6 7. c4 e6 8. cxd5 exd5 9. Ne5 Nxe5 10. dxe5 Nd7 11. Nc3 Nxe5 12. g4 Bxg4 13. hxg4 Nxg4 14. Bf4 Bd6 15. Qd4 Nf6 16. Bxd6 Qxd6 17. e4 Qf4 18. Rad1 Ng4 19. Rfe1 O-O 20. exd5 Qh2+ 21. Kf1 h5 22. d6 1-0

[Event "Early-Titled-Tuesday-Blitz-June-18-2024"]
[Site "Chess.com"]
[Date "2024.06.18"]
[Round "4"]
[White "Anton_Demchenko"]
[Black "SchmakAttack"]
[Result "1-0"]
[WhiteElo "2987"]
[BlackElo "2815"]
[TimeControl "180+1"]
[EndTime "8:39:04 PDT"]
[Termination "Anton_Demchenko won by resignation"]

1. e4 c5 2. Nc3 Nc6 3. Bb5 Nd4 4.
a4 e6 5. Nge2 a6 6. Bc4 Nc6 7. d4 cxd4 8. Nxd4 Qc7 9. Nxc6 bxc6 10.
O-O d5 11. exd5 cxd5 12. Bxd5 exd5 13. Nxd5 Qd8 14. Re1+ Be6 15. Bf4 Bd6 16. Qh5 Kf8 17. Rad1 Bxf4 18. Nxf4 Qe7 19. Nxe6+ fxe6 20. Qf3+ 1-0

[Event "Early-Titled-Tuesday-Blitz-June-18-2024"]
[Site "Chess.com"]
[Date "2024.06.18"]
[Round "4"]
[White "margarita_2703"]
[Black "AmbartsumianTyhran2012"]
[Result "0-1"]
[WhiteElo "2222"]
[BlackElo "2515"]
[TimeControl "180+1"]
[EndTime "8:39:08 PDT"]
[Termination "AmbartsumianTyhran2012 won by resignation"]

1. e4 d5 2. exd5 Qxd5 3. Nc3 Qe5+ 4. Be2 Bg4 5. d4 Bxe2 6. Ngxe2 Qa5 7. b4 Qh5 8. O-O Nf6 9. Bf4 c6 10. b5 e6 11. Rb1 b6 12. a4 Nd5 13. Nxd5 cxd5 14. Qd3 Nd7 15. Ng3 Qg4 16. Bd2 Bd6 17. c3 O-O 18. Rfe1 Qg6 19. Qxg6 hxg6 20. Kf1 Rfc8 21. Ra1 Nf6 22. Ke2 Bxg3 23. hxg3 Ne4 24. Rec1 Nd6 25. f3 Rc4 26. Bf4 Nb7 27. Kd3 Rac8 28. Ra3 f6 29. g4 Kf7 30. Rh1 g5 31. Bg3 Re8 32.
Rh3 e5 33. Bf2 Nd6 34. Be3 e4+ 35. Kd2 Rxd4+ 0-1

[Event "Early-Titled-Tuesday-Blitz-June-18-2024"]
[Site "Chess.com"]
[Date "2024.06.18"]
[Round "4"]
[White "Goryachkina"]
[Black "Rdeux42"]
[Result "1-0"]
[WhiteElo "2668"]
[BlackElo "2424"]
[TimeControl "180+1"]
[EndTime "8:39:09 PDT"]
[Termination "Goryachkina won by resignation"]

1. e4 c5 2. Nf3 d6 3. d4 cxd4 4. Nxd4 Nf6 5. Nc3 a6 6. a4 e5 7. Nf3 Qc7 8. Be2 Be6 9. O-O Be7 10. Bg5 Nbd7 11. a5 h6 12. Be3 O-O 13. h3 Rac8 14. Re1 Rfd8 15. Nd2 d5 16. exd5 Nxd5 17. Nxd5 Bxd5 18.
Bd3 Nc5 19. Bf5 Be6 20. Bxe6 Nxe6 21. Bb6 Qxc2 22. Bxd8 Qxd1 23. Raxd1 Rxd8 24. Nf3 Rxd1 25. Rxd1 e4 26. Ne5 Nc5 27. Rd5 Nd3 28. Nxd3 exd3 29. Rxd3 Bb4 30. Rd8+ Kh7 31. Rd7 Bxa5 32. Rxf7 1-0

[Event "Early-Titled-Tuesday-Blitz-June-18-2024"]
[Site "Chess.com"]
[Date "2024.06.18"]
[Round "4"]
[White "aa175"]
[Black "amintabatabaei"]
[Result "1-0"]
[WhiteElo "2855"]
[BlackElo "3046"]
[TimeControl "180+1"]
[EndTime "8:39:10 PDT"]
[Termination "aa175 won by resignation"]

1. d4 e6 2. Bf4 Nf6 3. e3 d5 4. Nf3 Bd6 5. Nbd2 O-O 6. Bd3 Bxf4 7.
exf4 b6 8. h4 Ba6 9. Bxa6 Nxa6 10.
h5 h6 11. Ne5 c5 12. g4 Nd7 13. g5 Nxe5 14. dxe5 hxg5 15. Qg4 f5 16. exf6 Qxf6 17. O-O-O Qf5 18. Qe2 gxf4 19. Qxa6 e5 20. h6 g5 21. Nf3 e4 22. Nxg5 Kh8 23. Qb7 Qxg5 24. Rdg1 Rfb8 25. Qxb8+ Rxb8 26. Rxg5 d4 27. h7 f3 28. Rhg1 Rb7 29.
Re5 e3 30. fxe3 f2 31. Rf1 Rg7 32. Rxf2 dxe3 33. Rxe3 1-0

[Event "Early-Titled-Tuesday-Blitz-June-18-2024"]
[Site "Chess.com"]
[Date "2024.06.18"]
[Round "4"]
[White "AndrewMaco"]
[Black "LileKoridze"]
[Result "1-0"]
[WhiteElo "2689"]
[BlackElo "2429"]
[TimeControl "180+1"]
[EndTime "8:39:10 PDT"]
[Termination "AndrewMaco won by resignation"]

1. e4 c5 2. Nf3 d6 3. d4 cxd4 4. Qxd4 a6 5. Be2 Nc6 6. Qe3 Nf6 7. O-O g6 8. h3 Bg7 9. Rd1 Qc7 10. c4 O-O 11.
Nc3 Ne5 12. Nxe5 dxe5 13. c5 Be6 14. b3 Rac8 15. Ba3 Rfd8 16. Bf3 b6 17. Rxd8+ Qxd8 18. cxb6 Nd7 19. Na4 Rc6 20. Rd1 Qc8 21. Bxe7 Qb7 22. Nc5 Nxc5 23. Bxc5 h5 24. b4 Kh7 25. a3 Bf6 26.
Be2 Qa8 27. Qd3 a5 28. Qa6 Qb8 29. Bb5 Rc8 30. Bd6 Qa8 31. Qxa8 1-0

[Event "Early-Titled-Tuesday-Blitz-June-18-2024"]
[Site "Chess.com"]
[Date "2024.06.18"]
[Round "4"]
[White "XDPS"]
[Black "HansOnTwitch"]
[Result "0-1"]
[WhiteElo "2876"]
[BlackElo "3168"]
[TimeControl "180+1"]
[EndTime "8:39:11 PDT"]
[Termination "HansOnTwitch won by resignation"]

1. d4 Nf6 2. Nf3 b6 3. Bf4 Bb7 4. e3 g6 5. h3 Bg7 6. Nbd2 O-O 7. Be2 d6 8. O-O Nbd7 9. Bh2 Re8 10. a4 a5 11. c3 e5 12. Qb3 h5 13. Rfd1 e4 14. Ne1 Nh7 15. Qc2 Qg5 16. b4 Qf5 17. Nb3 Ng5 18.
bxa5 bxa5 19. c4 Nf6 20. c5 Bf8 21. Qd2 Nf3+ 22. gxf3 exf3 23. Bf1 Bd5 24. Rdb1 Bh6 25. Nc2 Ne4 26. Qd3 Qg5+ 0-1

[Event "Early-Titled-Tuesday-Blitz-June-18-2024"]
[Site "Chess.com"]
[Date "2024.06.18"]
[Round "4"]
[White "rookpower2004"]
[Black "GAusal"]
[Result "1-0"]
[WhiteElo "2471"]
[BlackElo "2191"]
[TimeControl "180+1"]
[EndTime "8:39:12 PDT"]
[Termination "rookpower2004 won by resignation"]

1. e4 c5 2. Nf3 e6 3. d4 cxd4 4. Nxd4 a6 5. Bd3 Qc7 6. O-O Nc6 7. Nxc6 bxc6 8. Be3 d5 9. c4 Nf6 10. Nc3 Bb4 11. cxd5 cxd5 12. Qa4+ Bd7 13. Qxb4 Rb8 14. Qc5 Qxc5 15. Bxc5 Rxb2 16. exd5 exd5 17. Rfe1+ Be6 18.
Bxa6 Kd7 19. Bb5+ Kc7 20. a4 Rc8 21. Rab1 Rc2 22. Bd4 Kd8 23. Rec1 Rxc1+ 24. Rxc1 Ne4 25. f3 Nxc3 26. Rxc3 Ra8 27. Bxg7 Ke7 28. Bd4 Kd6 29. f4 Ke7 30. Be5 Ra7 31. Rc7+ Rxc7 32. Bxc7 Kf6 33. a5 d4 34. Be5+ Kf5 35. Bd3+ Kg4 36. a6 Bd5 37. Bxh7 f6 38. Bxf6 Kxf4 39. Bxd4 Kg4 40. Kf2 Kg5 41. g3 1-0

[Event "Early-Titled-Tuesday-Blitz-June-18-2024"]
[Site "Chess.com"]
[Date "2024.06.18"]
[Round "4"]
[White "TimurDushatov"]
[Black "komogro"]
[Result "0-1"]
[WhiteElo "2359"]
[BlackElo "2541"]
[TimeControl "180+1"]
[EndTime "8:39:21 PDT"]
[Termination "komogro won by resignation"]

1. e4 g6 2. d4 Bg7 3. Nf3 d6 4. Nc3 Nc6 5. h3 Nf6 6. Be2 O-O 7. O-O Nd7 8. Bf4 h6 9. Bc4 e6 10. Qd2 Kh7 11. d5 Nde5 12. Nxe5 Nxe5 13. Bb3 exd5 14. Nxd5 Be6 15. Rad1 Rc8 16. Qe3 a6 17. a3 Qh4 18.
Bg3 Qd8 19. Qa7 Rb8 20. f4 Nc6 21. Qe3 f5 22. exf5 Bxf5 23. Nc3 Re8 24. Qf3 Nd4 25. Qf2 Nxb3 26. cxb3 Qf6 27. Rfe1 Qf7 28. Qd2 Qxb3 29.
Nd5 c6 30. Nc7 Qb6+ 0-1

[Event "Early-Titled-Tuesday-Blitz-June-18-2024"]
[Site "Chess.com"]
[Date "2024.06.18"]
[Round "4"]
[White "AustinThomas12345"]
[Black "Austen48"]
[Result "1-0"]
[WhiteElo "2487"]
[BlackElo "2276"]
[TimeControl "180+1"]
[EndTime "8:39:26 PDT"]
[Termination "AustinThomas12345 won by resignation"]

1. e4 e5 2. Nf3 Nc6 3. Nc3 Nf6 4.
Be2 g6 5. d4 exd4 6. Nxd4 Bg7 7.
Bg5 h6 8. Bh4 g5 9. Bg3 O-O 10.
O-O d6 11. Nxc6 bxc6 12. e5 Nd5 13. Nxd5 cxd5 14. Qxd5 Be6 15. Qe4 dxe5 16. Bxe5 f5 17.
Qe3 f4 18. Qc3 Bxe5 19. Qxe5 Bf5 20. Bc4+ Kh7 21. Rad1 Qf6 22. Qxc7+ Kh8 23. Rd6 Qg7 24.
Qxg7+ Kxg7 25. Bd3 Bxd3 26. Rxd3 Rf7 27. Rfd1 Rc8 28.
c3 Rb8 29. b3 Rbb7 30. c4 Rfe7 31. Kf1 a5 32. Re1 Rf7 33. c5 a4 34. c6 Rb6 35.
Rc1 axb3 36. Rxb3 Rb8 37. Rxb8 1-0

[Event "Early-Titled-Tuesday-Blitz-June-18-2024"]
[Site "Chess.com"]
[Date "2024.06.18"]
[Round "4"]
[White "AlbusSevresPotter"]
[Black "bascheyaro"]
[Result "0-1"]
[WhiteElo "2597"]
[BlackElo "2810"]
[TimeControl "180+1"]
[EndTime "8:39:29 PDT"]
[Termination "bascheyaro won by resignation"]

1. e4 e6 2. d4 d5 3. Nc3 Bb4 4.
e5 Ne7 5. a3 Bxc3+ 6. bxc3 b6 7. Qg4 O-O 8. h4 Kh8 9. h5 h6 10. Nh3 Ba6 11. Bxa6 Nxa6 12. Qe2 Nb8 13. g4 c5 14. g5 Nf5 15. gxh6 gxh6 16. Be3 cxd4 17.
cxd4 Nc6 18. Rd1 Rc8 19. Qd2 Rg8 20. c3 Qh4 21. Ke2 Qe4 22. Rhg1 Ncxd4+ 23. cxd4 Rc2 24. Rxg8+ Kxg8 25. Qxc2 Qxc2+ 26. Rd2 Qc4+ 27. Kf3 Qc3 28. Nf4 b5 29. Ke2 Kh7 30. Rd1 Qxa3 31. Rc1 Nxe3 32.
Rc7 Nf5 33. Rxf7+ Kg8 34. Rd7 Nxd4+ 35. Kf1 Qc1+ 36. Kg2 Qxf4 0-1

[Event "Early-Titled-Tuesday-Blitz-June-18-2024"]
[Site "Chess.com"]
[Date "2024.06.18"]
[Round "4"]
[White "pineapplehhh"]
[Black "yonaltimur"]
[Result "1-0"]
[WhiteElo "2106"]
[BlackElo "2321"]
[TimeControl "180+1"]
[EndTime "8:39:31 PDT"]
[Termination "pineapplehhh won by resignation"]

1. e4 c5 2. Nf3 d6 3. d4 cxd4 4.
Nxd4 Nf6 5. Nc3 a6 6. Bg5 e6 7.
Qf3 Nbd7 8. O-O-O Qc7 9. Qg3 b5 10. Bd3 Bb7 11. Rhe1 Rc8 12. f4 b4 13. Nd5 Nxd5 14.
exd5 Bxd5 15. Kb1 h6 16. Bh4 Nc5 17. Nf5 Nxd3 18. Qxd3 Kd7 19. Ne3 Bc6 20. f5 Bb5 21.
Qb3 d5 22. fxe6+ fxe6 23. Nxd5 exd5 24. Qxd5+ Bd6 25. Re7+ Kd8 26. Qxd6+ 1-0

[Event "Early-Titled-Tuesday-Blitz-June-18-2024"]
[Site "Chess.com"]
[Date "2024.06.18"]
[Round "4"]
[White "temus_galaktionov"]
[Black "Aryan_Tamadon"]
[Result "1-0"]
[WhiteElo "2853"]
[BlackElo "2686"]
[TimeControl "180+1"]
[EndTime "8:39:32 PDT"]
[Termination "temus_galaktionov won by checkmate"]

1. d4 b6 2. Nf3 Bb7 3. g3 Nf6 4. Bg2 g6 5. c4 Bg7 6. O-O O-O 7.
d5 e6 8. Nc3 b5 9. dxe6 bxc4 10.
exf7+ Kh8 11. Bg5 h6 12. Be3 Qe7 13. Nh4 Qb4 14. Bxb7 Qxb7 15. Nxg6+ Kh7 16. Nxf8+ Bxf8 17. Qd4 Qc6 18. Rfd1 Qe6 19. Rac1 Nc6 20. Qh4 Ng4 21. Bf4 Bc5 22. e3 Rf8 23. Rd5 Be7 24. Qh5 Rxf7 25.
h3 Nf6 26. Qxh6+ Kg8 27. Rg5+ Rg7 28. Qxg7# 1-0

[Event "Early-Titled-Tuesday-Blitz-June-18-2024"]
[Site "Chess.com"]
[Date "2024.06.18"]
[Round "4"]
[White "Kgli1m"]
[Black "TreinadorBR"]
[Result "0-1"]
[WhiteElo "2091"]
[BlackElo "2341"]
[TimeControl "180+1"]
[EndTime "8:39:33 PDT"]
[Termination "TreinadorBR won by resignation"]

1. d4 d5 2. Bf4 c5 3. c3 Nc6 4. e3 Bf5 5. Bd3 Bxd3 6. Qxd3 Nf6 7. Nd2 e6 8. Ngf3 Bd6 9. dxc5 Bxc5 10. O-O O-O 11.
Rfd1 Nd7 12. e4 Nb6 13. exd5 Qxd5 14. Nb3 Qh5 15. Nxc5 Qxc5 16. Be3 Qh5 17. a4 Nd5 18. Qb5 Rab8 19. c4 a6 20. Qc5 Nf4 21. Qxh5 Nxh5 22. Rd7 Nf6 23. Rd2 h6 24. Rad1 Rbc8 25. c5 Ne4 26. Rd7 Rb8 27. Nd4 Ne5 28. Rc7 Nf6 29. Nf3 Nxf3+ 30. gxf3 Rfc8 31. Rxc8+ Rxc8 32. b4 Nd5 33. Rb1 f6 34. Kf1 Kf7 35. Ke2 Nc3+ 0-1

[Event "Early-Titled-Tuesday-Blitz-June-18-2024"]
[Site "Chess.com"]
[Date "2024.06.18"]
[Round "4"]
[White "jeetjain"]
[Black "Cmorales2001"]
[Result "1-0"]
[WhiteElo "2590"]
[BlackElo "2326"]
[TimeControl "180+1"]
[EndTime "8:39:36 PDT"]
[Termination "jeetjain won by resignation"]

1. Nf3 Nf6 2. b3 g6 3. Bb2 Bg7 4. g3 c5 5. Bg2 Nc6 6. O-O O-O 7. d3 d6 8. c4 Qd7 9. Nbd2 b6 10. e3 Bb7 11. a3 e6 12. Qc2 Rac8 13. Rad1 d5 14. d4 Qe7 15. dxc5 Qxc5 16. b4 Qe7 17. Qb3 Rfd8 18. cxd5 Nxd5 19. Bxg7 Kxg7 20. e4 Nf6 21. e5 Nd5 22. Ne4 Ba8 23. h4 Rb8 24. h5 Qc7 25. Qb2 Nce7 26. g4 Nf4 27. Nd6 Nxg2 28. Kxg2 Qc6 29.
Rd3 Nd5 30. Kg3 Kg8 31. Rfd1 Rd7 32. Rc1 Qa4 33. h6 Rbd8 34. Qd2 Re7 35. Qg5 Qd7 36.
Rxd5 exd5 37. Qf6 1-0

[Event "Early-Titled-Tuesday-Blitz-June-18-2024"]
[Site "Chess.com"]
[Date "2024.06.18"]
[Round "4"]
[White "GMAkobianSTL"]
[Black "Zavgorodniy_Sergiy"]
[Result "1-0"]
[WhiteElo "2830"]
[BlackElo "2594"]
[TimeControl "180+1"]
[EndTime "8:39:39 PDT"]
[Termination "GMAkobianSTL won by resignation"]

1. d4 Nf6 2. c4 e6 3. Nf3 Bb4+ 4.
Bd2 Qe7 5. e3 b6 6. Bd3 Bb7 7.
O-O Ne4 8. Bc1 Qf6 9. Qc2 Ng5 10. Nxg5 Qxg5 11. e4 Qh4 12. c5 bxc5 13. dxc5 Ba5 14.
Be3 c6 15. Na3 O-O 16. Nc4 Bc7 17. f4 Ba6 18. Rad1 Bxc4 19. Bxc4 a5 20. e5 Rd8 21.
Rf3 g6 22. Rh3 Qe7 23. Bf2 Na6 24. Bxa6 Rxa6 25. Bh4 Qe8 26. Bxd8 Bxd8 27. Rhd3 Be7 28. Rxd7 Ra8 29. a3 Rb8 30. h3 h5 31. Kh2 h4 32.
Ra7 Rb5 33. Rdd7 Rxc5 34. Qf2 Bf8 35. Qxh4 Rc2 36. Rxf7 Qxf7 37. Rxf7 Kxf7 38. Qf6+ 1-0

[Event "Early-Titled-Tuesday-Blitz-June-18-2024"]
[Site "Chess.com"]
[Date "2024.06.18"]
[Round "4"]
[White "ElCoachRene"]
[Black "JJDAREK"]
[Result "0-1"]
[WhiteElo "2066"]
[BlackElo "2328"]
[TimeControl "180+1"]
[EndTime "8:39:39 PDT"]
[Termination "JJDAREK won by resignation"]

1. Nf3 g6 2. d4 Bg7 3. Bf4 d6 4.
e3 Nf6 5. h3 O-O 6. Nbd2 b6 7.
Bd3 Bb7 8. Qe2 Nbd7 9. O-O e6 10. Ba6 Qc8 11. Bxb7 Qxb7 12. a4 a6 13. Bg5 Rfe8 14. Qc4 b5 15. Qb3 c5 16. c3 d5 17. axb5 axb5 18.
dxc5 Nxc5 19. Qb4 Nfd7 20. Qh4 Rxa1 21. Rxa1 Ra8 22. Rxa8+ Qxa8 23. Bh6 Bxh6 24. Qxh6 Qa1+ 25. Kh2 Qxb2 26. Ng5 Nf8 27. Ndf3 Qxc3 28. h4 Qg7 0-1

[Event "Early-Titled-Tuesday-Blitz-June-18-2024"]
[Site "Chess.com"]
[Date "2024.06.18"]
[Round "4"]
[White "Alexchess1984"]
[Black "Timurist"]
[Result "1-0"]
[WhiteElo "2555"]
[BlackElo "2384"]
[TimeControl "180+1"]
[EndTime "8:39:40 PDT"]
[Termination "Alexchess1984 won by resignation"]

1. Nc3 e6 2. e4 d5 3. Nf3 Nc6 4. d4 Bb4 5. Bd3 Nf6 6. e5 Ne4 7. Bd2 Bxc3 8. bxc3 Nxd2 9. Qxd2 Ne7 10. h4 c5 11. h5 h6 12. Rh4 c4 13. Bf1 f5 14.
exf6 gxf6 15. g3 Bd7 16. Bh3 Qb6 17. Kf1 O-O-O 18. Re1 Qd6 19. Rf4 Rdf8 20. Re2 Nc6 21. Qe1 e5 22. Bxd7+ Qxd7 23. dxe5 fxe5 24. Rxf8+ Rxf8 25. Nxe5 Qh3+ 26. Kg1 Qxh5 27. Nxc6 bxc6 28. Re7 Rf6 29.
Re8+ 1-0

[Event "Early-Titled-Tuesday-Blitz-June-18-2024"]
[Site "Chess.com"]
[Date "2024.06.18"]
[Round "4"]
[White "DishonorOnYourCow"]
[Black "VM2027"]
[Result "1-0"]
[WhiteElo "2527"]
[BlackElo "2334"]
[TimeControl "180+1"]
[EndTime "8:39:44 PDT"]
[Termination "DishonorOnYourCow won by resignation"]

1. d4 d5 2. c4 e6 3. Nf3 a6 4. Bg5 Be7 5. Bxe7 Nxe7 6. Nbd2 O-O 7. g3 Nd7 8. Bg2 c5 9. dxc5 Nxc5 10. O-O b5 11.
cxb5 axb5 12. Qc2 Qb6 13. Rfc1 Nd7 14. Ng5 Nf6 15. e4 h6 16. Nh3 e5 17. exd5 Nexd5 18. Ne4 Be6 19. Nxf6+ Nxf6 20. Qe2 Rxa2 21. Rxa2 Bxa2 22.
Qxe5 Qxf2+ 23. Nxf2 1-0

[Event "Early-Titled-Tuesday-Blitz-June-18-2024"]
[Site "Chess.com"]
[Date "2024.06.18"]
[Round "4"]
[White "drdaro"]
[Black "Zq1"]
[Result "0-1"]
[WhiteElo "2322"]
[BlackElo "2518"]
[TimeControl "180+1"]
[EndTime "8:39:49 PDT"]
[Termination "Zq1 won by resignation"]

1. Nf3 Nf6 2. g3 g6 3. Bg2 Bg7 4. O-O O-O 5. Re1 d5 6. d3 c5 7. c3 Nc6 8. Qc2 h6 9. e4 e5 10. Nbd2 Re8 11. a4 b6 12. exd5 Nxd5 13. Nc4 Bb7 14.
Bd2 Qc7 15. Rad1 Rad8 16. Bc1 a6 17. Ne3 Nxe3 18. Bxe3 Rc8 19. Nd2 Qb8 20. Nc4 b5 21.
axb5 axb5 22. Na3 Nd4 23. cxd4 cxd4 24. Qb3 Bxg2 25. Kxg2 dxe3 26. Rxe3 Rc5 27. Rde1 Rd8 28. Nc2 Kh7 29. Nb4 f5 30. Na6 Qb7+ 0-1

[Event "Early-Titled-Tuesday-Blitz-June-18-2024"]
[Site "Chess.com"]
[Date "2024.06.18"]
[Round "4"]
[White "dropstoneDP"]
[Black "Mops_2004"]
[Result "1-0"]
[WhiteElo "2984"]
[BlackElo "2812"]
[TimeControl "180+1"]
[EndTime "8:39:50 PDT"]
[Termination "dropstoneDP won by resignation"]

1. e4 g6 2. d4 Bg7 3. Nf3 d6 4. h3 Nf6 5. Nc3 O-O 6. Bg5 a6 7. a4 Nc6 8. Be2 h6 9. Be3 e5 10. dxe5 dxe5 11. Bc5 Re8 12. Bc4 Be6 13. Bxe6 Rxe6 14.
O-O Bf8 15. Bxf8 Qxf8 16. Nd5 Rd8 17. Nxf6+ Rxf6 18. Qe2 Qc5 19. Rfd1 Rfd6 20. Rxd6 Rxd6 21. c3 Kg7 22. Rd1 Rxd1+ 23. Qxd1 Qc4 24. Qd7 Qxa4 25. Qxc7 Qa1+ 26. Kh2 Qxb2 27. Nxe5 Nxe5 28. Qxe5+ Kg8 29. f4 Qb6 30. h4 Qc6 31. h5 gxh5 32. f5 f6 33. Qe7 a5 34. e5 Qe4 35. Qe8+ Kg7 36. exf6+ 1-0

[Event "Early-Titled-Tuesday-Blitz-June-18-2024"]
[Site "Chess.com"]
[Date "2024.06.18"]
[Round "4"]
[White "LuisFSiles"]
[Black "chrisclaireredfield"]
[Result "1-0"]
[WhiteElo "2339"]
[BlackElo "2482"]
[TimeControl "180+1"]
[EndTime "8:39:50 PDT"]
[Termination "LuisFSiles won on time"]

1. e4 e5 2. Nf3 Nf6 3. Nc3 Nc6 4. Bc4 Nxe4 5. O-O Nf6 6. d4 e4 7. Ne5 d5 8. Bb5 Bd7 9. f3 Nxe5 10. dxe5 Bc5+ 11.
Kh1 Bxb5 12. Nxb5 Ng8 13. Qxd5 Qxd5 14. Nxc7+ Kf8 15. Nxd5 Re8 16. f4 f5 17. Be3 Bxe3 18. Nxe3 Ne7 19. Rad1 Kf7 20. Rd7 g6 21. Rfd1 Rc8 22.
R1d6 Rc6 23. Nd5 Re8 24. Rf6+ 1-0

[Event "Early-Titled-Tuesday-Blitz-June-18-2024"]
[Site "Chess.com"]
[Date "2024.06.18"]
[Round "4"]
[White "Boudicca64"]
[Black "reniite"]
[Result "0-1"]
[WhiteElo "1829"]
[BlackElo "2287"]
[TimeControl "180+1"]
[EndTime "8:39:53 PDT"]
[Termination "reniite won on time"]

1. e4 e6 2. d4 d5 3. exd5 exd5 4. Nf3 Bd6 5. c4 dxc4 6. Bxc4 Ne7 7. O-O Bg4 8. h3 Bh5 9. Nc3 Nbc6 10. Be3 O-O 11.
g4 Bg6 12. Nb5 a6 13. Nxd6 Qxd6 14. Qe2 Nd5 15. Rad1 Rfe8 16. Qd2 Rad8 17. Ne5 Nxe3 18. Qxe3 Nxd4 19. f4 c5 20. Rfe1 b5 21. f5 bxc4 22.
fxg6 hxg6 23. Qf2 Qd5 0-1